 Dungeon Crawl Stone Soup version 0.30-a0-913-g9934a0ce24 (webtiles) character file.

Game seed: 17883681036103850012

5 Zdeegee the Vexing (level 1, -2/15 HPs)
             Began as a Formicid Hexslinger on Mar 19, 2023.
             Slain by a quokka (3 damage)
             ... on level 1 of the Dungeon.
             The game lasted 00:01:32 (585 turns).

Zdeegee the Vexing (Formicid Hexslinger)             Turns: 585, Time: 00:01:32

Health: -2/15      AC:  2    Str: 14    XL:     1   Next: 88%
Magic:  0/2        EV: 12    Int: 12    God:
Gold:   6          SH:  0    Dex: 14    Spells: 1/2 levels left

rFire   . . .      SeeInvis +    a - +1 sling
rCold   . . .      Faith    .    (no shield)
rNeg    . . .      Spirit   .    c - +0 robe
rPois   .          Reflect  .    (helmet unavailable)
rElec   .          Rampage  .    (no cloak)
rCorr   .                        (no gloves)
Will    .....                    (no boots)
Stlth   +                        (no amulet)
HPRegen 0.22/turn                (no ring)
MPRegen 0.08/turn                (no ring)

@: no status effects
A: permanent stasis, dig shafts and tunnels, antennae 3, four strong arms
a: Dig, Shaft Self


You were on level 1 of the Dungeon.
You visited 1 branch of the dungeon, and saw 1 of its levels.

You collected 42 gold pieces.
You spent 36 gold pieces at shops.

Inventory:

Hand Weapons
 a - a +1 sling (weapon)
Armour
 c - a +0 robe (worn)
Scrolls
 b - 2 scrolls of poison
 f - a scroll of identify {unknown}
Potions
 d - a potion of heal wounds {unknown}
 e - a potion of might {unknown}


   Skills:
 * Level 1.1 Fighting
 * Level 2.1 Ranged Weapons
 * Level 0.1 Armour
 * Level 1.8 Dodging
 * Level 1.1 Spellcasting
 * Level 3.8 Hexes


You had one spell level left.
You knew the following spells:

 Your Spells              Type           Power      Damage    Failure   Level
a - Slow                  Hex            36%        N/A       6%          1

Your spell library contained the following spells:

 Spells                   Type           Power      Damage    Failure   Level
 Inner Flame              Hex/Fire       5%         N/A       38%         3
 Portal Projectile        Hex/Tloc       10%        N/A       38%         3
 Cigotuvi's Dreadful Rot  Necr/Pois/Air  0%         N/A       41%         2
 Poisonous Vapours        Pois/Air       0%         N/A       41%         2
 Sublimation of Blood     Necr           0%         N/A       41%         2
 Wereblood                Tmut           0%         N/A       41%         2
 Cause Fear               Hex            4%         N/A       52%         4
 Mephitic Cloud           Conj/Pois/Air  0%         N/A       65%         3
 Summon Hydra             Summ           0%         N/A       100%        7


Dungeon Overview and Level Annotations

Branches:
Dungeon (1/15)

Altars:

Shops:
D:1 *


Innate Abilities, Weirdness & Mutations

You cannot be hasted, slowed, berserked, paralysed or teleported.
You can dig through walls and to a lower floor.
You have a pair of large antennae on your head. (SInv)
Your four strong arms can wield two-handed weapons with a shield.


Message History

The jackal bites you.
* * * LOW HITPOINT WARNING * * *
The jackal bites you but does no damage.
Aiming: Slow (safe; 6% risk of failure)
Press: ? - help, Q - select action, (/) - cycle Shift-Dir - straight line, f/p - jackal
Aim: a jackal (heavily wounded, chance to affect: 61%)
The jackal seems to slow down.
The quokka barely misses you.
Unknown command.
Aiming: Slow (safe; 6% risk of failure)
Press: ? - help, Q - select action, (/) - cycle Shift-Dir - straight line, f/p - jackal
Aim: a jackal (heavily wounded, slow, chance to affect: 61%)
The jackal seems to slow down.
The quokka barely misses you. The jackal closely misses you.
Unknown command.
Fire: a) +1 sling
Press: ? - help, Q - select action, (/) - cycle Shift-Dir - straight line, f/p - jackal
Aim: a jackal (heavily wounded, slow, 50% to hit)
You shoot a sling bullet.
The sling bullet closely misses the jackal.
The quokka barely misses you.
The jackal bites you but does no damage.
The quokka bites you.
* * * LOW HITPOINT WARNING * * *
The jackal bites you but does no damage.
Fire: a) +1 sling
Press: ? - help, Q - select action, (/) - cycle Shift-Dir - straight line, f/p - jackal
Aim: a jackal (heavily wounded, slow, 50% to hit)
You shoot a sling bullet.
The sling bullet closely misses the jackal.
The quokka barely misses you. The jackal misses you.
Fire: a) +1 sling
Press: ? - help, Q - select action, (/) - cycle Shift-Dir - straight line, f/p - jackal
Aim: a jackal (heavily wounded, slow, 50% to hit)
You shoot a sling bullet. The sling bullet hits the jackal.
You kill the jackal!
The quokka bites you.
* * * LOW HITPOINT WARNING * * *
The quokka bites you.
You die...

##'## ##...##
##..>..# #.
##.....♣♣
....###.....♣♣
......'....♣♣
....###....♣ #
##...♣ ##.@♣♣
##.r♣ ##'# #.#
#.# ... ...
.... .$...


You could see a quokka.

Vanquished Creatures
  A ball python (D:1)
  2 jackals (D:1)
  A quokka (D:1)
  A bat (D:1)
  A kobold (D:1)
6 creatures vanquished.

Notes
Turn   | Place    | Note
-------+----------+-------------------------------------------
     0 | D:1      | Zdeegee the Formicid Hexslinger began the quest for the
                  | Orb.
     0 | D:1      | Reached XP level 1. HP: 15/15 MP: 2/2
   297 | D:1      | Found Hodavem's Assorted Antiques.
   322 | D:1      | Bought a lumpy sapphire potion for 18 gold pieces
   322 | D:1      | Bought a smoky brown potion for 18 gold pieces
   585 | D:1      | Slain by a quokka

Illustrated notes

Levels and vault maps discovered:
D:1:      evilmike_arrival_crescent, layout_loops_corners, serial_forest,
          infiniplex_forest_diagonal, infiniplex_forest_straight_3,
          infiniplex_forest_clump_tiny, infiniplex_forest_end_2,
          infiniplex_forest_straight_5, infiniplex_forest_end_2,
          infiniplex_forest_clump_tiny, infiniplex_forest_lined_room_,
          infiniplex_forest_clump_long, serial_shops, shop,
          nicolae_shop_overgrown_old_shop, grunt_decor_one_mirror

Action                     || total
---------------------------++-------
   Fire: Sling             ||    30
   Cast: Slow              ||     2
 Armour: Robe              ||     9
  Dodge: Dodged            ||    25

Table legend: (Time is in decaauts)
 A = Elapsed time spent in this place.
 B = Non-inter-level travel time spent in this place.
 C = Inter-level travel time spent in this place.
 D = Time resting spent in this place.
 E = Time spent auto-exploring this place.
 F = Levels seen in this place.
 G = Mean time per level.
                   A        B        C        D        E       F      G
               +--------+--------+--------+--------+--------+-----+--------+
         Total |    593 |    593 |      0 |      0 |    535 |   1 |  593.0 |
       Dungeon |    593 |    593 |      0 |      0 |    535 |   1 |  593.0 |
               +--------+--------+--------+--------+--------+-----+--------+

Top non-repeatable levels by time:
     D:1: 593 daAuts
